 Dungeon Crawl Stone Soup version 0.30-a0-878-gc727b3d3d6 (webtiles) character file.

Game seed: 1236304615092671367

12795 M4edhros the Nimble (level 11, -11/78 HPs)
             Began as an Octopode Artificer on Mar 12, 2023.
             Was a Plaything of Xom.
             Mangled by a very large slime creature (48 damage)
             ... on level 12 of the Dungeon.
             The game lasted 00:33:17 (5637 turns).

M4edhros the Nimble (Octopode Artificer)            Turns: 5637, Time: 00:33:18

Health: -11/78     AC:  1    Str: 11    XL:     11   Next: 98%
Magic:  19/19      EV: 21    Int: 15    God:    Xom [..*...]
Gold:   179        SH: 15    Dex: 16    Spells: 5/21 levels left

rFire   . . .      SeeInvis .      - Unarmed
rCold   . . .      Faith    .    b - +5 kite shield
rNeg    . . .      Spirit   .    (helmet restricted)
rPois   .          Reflect  .    H - amulet of regeneration
rElec   .          Rampage  .    i - ring of willpower
rCorr   +                        l - ring of wizardry
Will    +....                    m - ring of wizardry
Stlth   +++                      u - +5 ring of evasion
HPRegen 1.13/turn                B - ring of resist corrosion
MPRegen 0.16/turn                I - ring of wizardry
                                 (no ring)
                                 (no ring)

@: mighty, about to teleport
A: almost no armour, amphibious, 8 rings, camouflage 1, gelatinous body 1,
(nimble swimmer 1), tentacles, noise suppression
a: Renounce Religion


You were on level 12 of the Dungeon.
You worshipped Xom.
You were a toy of Xom.
You visited 2 branches of the dungeon, and saw 13 of its levels.
You also visited: Bailey.

You collected 641 gold pieces.
You spent 462 gold pieces at shops.

Inventory:

Hand Weapons
 M - the +8 spear "Zeph" {speed, rC+ rN+ Dex+3}
   (You found it on level 10 of the Dungeon)

   Dex:       It affects your dexterity (+3).
   rC:        It protects you from cold.
   rN:        It protects you from negative energy.
 N - the +4 broad axe of Fuotoqis {spect, Drain rElec rCorr Dex+2}
   (You found it on level 11 of the Dungeon)

   Dex:       It affects your dexterity (+2).
   rElec:     It insulates you from electricity.
   rCorr:     It protects you from acid and corrosion.
   Drain:     It drains your maximum health when unequipped.
Missiles
 c - 3 atropa-tipped darts
 x - 20 poisoned darts (quivered)
 y - a javelin
 G - 3 curare-tipped darts
Armour
 b - a +5 kite shield (worn)
 z - a +0 buckler
Jewellery
 f - an amulet of guardian spirit
 i - a ring of willpower (left tentacle)
 j - an amulet of faith
 l - a ring of wizardry (right tentacle)
 m - a ring of wizardry (on tentacle)
 u - a +5 ring of evasion (on tentacle)
 B - a ring of resist corrosion (on tentacle)
 H - an amulet of regeneration (around mantle)
 I - a ring of wizardry (on tentacle)
Wands
 a - a wand of paralysis (6)
 L - a wand of flame (3)
Scrolls
 g - 2 scrolls of immolation
 h - 3 scrolls of fear
 k - 5 scrolls of teleportation
 p - 3 scrolls of blinking
 r - a scroll of brand weapon
 t - 8 scrolls of enchant weapon
 v - 4 scrolls of vulnerability
 w - 4 scrolls of enchant armour
 C - 2 scrolls of summoning
 J - a scroll of silence
 O - a scroll of amnesia
Potions
 d - 10 potions of curing
 e - a potion of brilliance
 n - a potion of attraction {unknown}
 o - 4 potions of might
 q - 2 potions of berserk rage
 s - a potion of ambrosia {unknown}
 A - 2 potions of cancellation
 D - 2 potions of magic
 E - 4 potions of haste
 F - 5 potions of heal wounds


   Skills:
 - Level 8.6 Fighting
 - Level 9.0 Dodging
 - Level 1.3 Stealth
 * Level 6.6 Shields
 - Level 6.1 Unarmed Combat
 - Level 5.6 Spellcasting
 + Level 4.5 Conjurations
 - Level 6.0 Summonings
 - Level 7.0 Necromancy
 - Level 3.2 Evocations


You had 5 spell levels left.
You knew the following spells:

 Your Spells              Type           Power      Damage    Failure   Level
a - Agony                 Necr           25%        N/A       13%         5
b - Call Canine Familiar  Summ           22%        N/A       2%          3
c - Summon Guardian Gole  Hex/Summ       13%        N/A       7%          3
d - Arcjolt               Conj/Air       5%         1d15      58%         5

Your spell library contained the following spells:

 Spells                   Type           Power      Damage    Failure   Level
 Necrotise                Necr           100%       1d9       1%          1
 Summon Small Mammal      Summ           88%        N/A       1%          1
 Vampiric Draining        Necr           25%        2d7       1%          3
 Vhi's Electric Charge    Tloc/Air       8%         N/A       22%         3
 Iskenderun's Battlesphe  Conj           17%        2d7       30%         5
 Iron Shot                Conj/Erth      5%         9d2       97%         6
 Spellforged Servitor     Conj/Summ      10%        N/A       99%         7
 Orb of Destruction       Conj           8%         9d6       100%        7
 Maxwell's Capacitive Co  Air            2%         ∞         100%        8


Dungeon Overview and Level Annotations

Branches:
Dungeon (12/15)            Temple (1/1) D:4            Lair (0/5) D:10
 Bailey (visited)
    Orc: D:9-12

Altars:
Ashenzari
Dithmenos
Elyvilon
Fedhas
Gozag
Hepliaklqana
Kikubaaqudgha
Makhleb
Nemelex Xobeh
Okawaru
Qazlal
Ru
Sif Muna
Trog
Uskayaw
Vehumet
Wu Jian
Xom
Yredelemnul
Zin
The Shining One

Shops:
D:4 (   D:5 =!

Annotations:
D:2 1 runed translucent door, Crazy Yiuf
D:12 Snorg


Innate Abilities, Weirdness & Mutations

You cannot wear most types of armour.
You are amphibious.
You can wear up to eight rings at the same time.
Your skin changes colour to match your surroundings (Stealth+).
Your rubbery body absorbs attacks. (AC +1, EV +1)
((You are camouflaged when in or above water. (Stealth+)))
You have tentacles for arms and can constrict up to eight enemies at once.
You passively dampen the noise of your surroundings.


Message History

The slime creature quivers.
You block the slime creature's attack. The slime creature closely misses you.
Two slime creatures merge to form a large slime creature.
You bludgeon the large slime creature! You squeeze the large slime creature.
The large slime creature is moderately wounded.
You bludgeon the large slime creature!
Your squeeze misses the large slime creature.
The large slime creature is heavily wounded.
You bludgeon the large slime creature! You squeeze the large slime creature.
The large slime creature is heavily wounded.
Two slime creatures merge to form a very large slime creature.
The very large slime creature misses you.
You bludgeon the very large slime creature!
You tentacle-slap the very large slime creature!
You squeeze the very large slime creature!
The very large slime creature is heavily wounded.
You block the very large slime creature's attack.
You bludgeon the very large slime creature!
The very large slime creature is severely wounded.
The slime creature quivers.
The very large slime creature hits you!!
You are too injured to fight recklessly!
You swap places.
Your hound bites the very large slime creature.
The very large slime creature hits your hound!!
Your hound dies!
Your hound's corpse disappears in a puff of smoke!
Aiming: Paralyse
Press: ? - help, Shift-Dir - straight line, f - very large slime creature
Aim: a very large slime creature (severely wounded, chance to affect: 39%)
Okay, then.
As you read the scroll of teleportation, it crumbles to dust.
You feel strangely unstable.
A slime creature comes into view.
Two slime creatures merge to form a large slime creature.
The very large slime creature attacks as you move away!
The very large slime creature hits you!!!
Ouch! That really hurt!
You die...
Xom laughs nastily!

########## #####
######........# #####......
...#.'........###...J......
...#.#........##.J###......
...#.#.......†'.@## .....
...#.#........#### ....
...'.#...^....# +##
...######+##### #### # # #
#


You could see a very large slime creature.

Vanquished Creatures
  A cyclops (D:11)
  An orc knight (Bailey)
  An ugly thing (D:12)
  Maurice (D:9)
  2 kobold demonologists (D:10)
  A troll (D:11)
  A hornet (D:10)
  Sigmund (D:2)
  A shadow (D:11)
  3 wyverns
  A steam dragon (D:10)
  3 vampire mosquitoes (D:12)
  Menkaure (D:4)
  Edmund (D:6)
  2 acid dragons (D:11)
  Duvessa (D:6)
  2 water moccasins
  An ice beast (D:6)
  An orc warrior (Bailey)
  2 black bears
  A sky beast (D:6)
  An ogre (D:6)
  2 centaurs
  A kobold brigand (D:11)
  A phantom (D:4)
  2 gnoll sergeants (D:5)
  2 scorpions
  A wight (D:5)
  Dowan (D:6)
  4 electric eels (D:11)
  2 howler monkeys (D:5)
  2 hounds
  3 jellies
  5 orc priests
  A sleepcap (D:6)
  7 iguanas
  Natasha (twice) (D:3)
  4 orc wizards
  A gnoll (D:3)
  4 adders
  2 white imps
  An ufetubus (D:7)
  A worm (D:3)
  23 orcs
  3 bats
  7 endoplasms
  A giant cockroach (D:2)
  7 goblins
  5 hobgoblins
  14 kobolds
  5 quokkas
  2 ball pythons
  A frilled lizard (D:3)
  2 rats (D:3)
149 creatures vanquished.

Vanquished Creatures (collateral kills)
  An orc knight (Bailey)
  An unseen horror (D:11)
  Maggie (D:6)
  A kobold demonologist (D:11)
  A hornet (D:10)
  4 yaks (D:11)
  4 orc warriors (Bailey)
  2 bullfrogs (D:6)
  A gnoll sergeant (D:5)
  An electric eel (D:11)
  2 iguanas
  2 adders (D:5)
  A gnoll (D:3)
  11 orcs
  A ball python (D:4)
  A kobold (D:11)
35 creatures vanquished.

Vanquished Creatures (others)
  A yak (D:11)
  Blork the orc (D:5)
  A scorpion (D:4)
  An orc priest (D:6)
  2 hounds (D:5)
  A plant (D:6)
7 creatures vanquished.

Grand Total: 191 creatures vanquished

Notes
Turn   | Place    | Note
-------+----------+-------------------------------------------
     0 | D:1      | M4edhros the Octopode Artificer began the quest for the
                  | Orb.
     0 | D:1      | Reached XP level 1. HP: 13/13 MP: 1/1
    55 | D:1      | Reached skill level 1 in Unarmed Combat
    67 | D:1      | Reached XP level 2. HP: 10/18 MP: 2/2
   153 | D:2      | You fall into a shaft and drop 1 floor!
   357 | D:3      | Reached XP level 3. HP: 10/23 MP: 3/3
   536 | D:4      | Reached XP level 4. HP: 28/28 MP: 4/4
   542 | D:4      | Noticed a scorpion
   565 | D:4      | Found a staircase to the Ecumenical Temple.
   566 | D:4      | Noticed a scorpion
   578 | D:4      | Killed a scorpion
   579 | D:4      | Reached XP level 5. HP: 33/33 MP: 5/5
   585 | D:4      | Found a hazy altar of Hepliaklqana.
   590 | Temple   | Entered the Ecumenical Temple
   617 | Temple   | Became a worshipper of Xom of Chaos
   696 | D:2      | Noticed Sigmund
   717 | D:2      | Killed Sigmund
   718 | D:2      | Reached XP level 6. HP: 38/38 MP: 6/6
   731 | D:2      | XOM: silly message
   754 | D:2      | Learned a level 5 spell: Agony
   808 | D:2      | Found a runed translucent door.
   809 | D:2      | Noticed Crazy Yiuf
   832 | D:2      | XOM: silly message
  1239 | D:1      | XOM: silly message
  1281 | D:3      | XOM is BORED!
  1364 | D:3      | Noticed Natasha
  1461 | D:3      | Killed Natasha
  1526 | D:3      | Noticed Natasha
  1527 | D:3      | XOM: silly message
  1534 | D:3      | Killed Natasha
  1535 | D:3      | Reached skill level 1 in Necromancy
  1582 | D:4      | Noticed Menkaure
  1587 | D:4      | Killed Menkaure
  1588 | D:4      | Reached skill level 3 in Dodging
  1588 | D:4      | Reached XP level 7. HP: 38/45 MP: 7/7
  1592 | D:4      | Found Jof Opt's Antique Weapon Emporium.
  1786 | D:4      | XOM: snakes to sticks
  1841 | D:5      | Entered Level 5 of the Dungeon
  1841 | D:5      | Noticed Blork the orc
  1851 | D:5      | Your ally Blork the orc died
  1859 | D:5      | Reached XP level 8. HP: 34/52 MP: 5/8
  1876 | D:5      | XOM: enchant monster (good)
  1893 | D:5      | Reached skill level 4 in Dodging
  1927 | D:5      | XOM: 2-stop teleportation journey
  1930 | D:5      | Found Texy's Distillery.
  1931 | D:5      | Found Nosutz's Jewellery Shop.
  1947 | D:5      | Bought a potion of curing for 42 gold pieces
  2110 | D:5      | XOM: god gift: 48 gold pieces
  2127 | D:6      | Noticed Maggie
  2143 | D:6      | Killed Maggie
  2144 | D:6      | Reached skill level 5 in Necromancy
  2223 | D:6      | Noticed Edmund
  2236 | D:6      | Killed Edmund
  2237 | D:6      | Reached skill level 5 in Dodging
  2253 | D:6      | Found a stormy altar of Qazlal.
  2273 | D:6      | Noticed Duvessa
  2278 | D:6      | Noticed Dowan
  2317 | D:6      | XOM: give mutation
  2317 | D:6      | Gained mutation: You passively dampen the noise of your
                  | surroundings. [Xom's grace]
  2421 | D:6      | XOM: divination: detect items
  2422 | D:6      | XOM: enchant monster (good)
  2429 | D:6      | Killed Duvessa
  2430 | D:6      | Reached XP level 9. HP: 59/59 MP: 9/9
  2431 | D:6      | XOM: silly message
  2436 | D:6      | XOM: cast spell 'Summon Ice Beast'
  2455 | D:6      | Killed Dowan
  2498 | D:6      | Learned a level 3 spell: Call Canine Familiar
  2598 | D:6      | Reached skill level 5 in Fighting
  2598 | D:6      | Reached skill level 1 in Summonings
  2661 | D:6      | XOM: 1-stop teleportation journey
  2689 | D:6      | XOM: 2-stop teleportation journey
  2884 | D:7      | XOM: 4-stop teleportation journey
  2992 | D:7      | Reached skill level 6 in Dodging
  3025 | D:7      | Found an opulent altar of Gozag.
  3032 | D:7      | XOM: polymorph bullfrog -> scorpion
  3091 | D:7      | Found a shimmering blue altar of Sif Muna.
  3187 | D:8      | Found a flagged portal.
  3242 | D:8      | Found a sparkling altar of Nemelex Xobeh.
  3286 | Bailey   | Entered a bailey
  3349 | Bailey   | XOM: 2-stop teleportation journey
  3358 | Bailey   | Reached skill level 1 in Spellcasting
  3376 | Bailey   | Noticed an orc knight
  3384 | Bailey   | Killed an orc knight
  3385 | Bailey   | Reached skill level 5 in Summonings
  3385 | Bailey   | Reached XP level 10. HP: 47/66 MP: 3/14
  3404 | Bailey   | Noticed an orc knight
  3408 | Bailey   | Reached skill level 9 in Dodging
  3408 | Bailey   | Reached skill level 5 in Spellcasting
  3408 | Bailey   | Reached XP level 11. HP: 65/78 MP: 6/19
  3423 | Bailey   | Killed an orc knight
  3463 | Bailey   | XOM: 1-stop teleportation journey
  3515 | Bailey   | Learned a level 3 spell: Summon Guardian Golem
  3521 | Bailey   | Learned a level 5 spell: Arcjolt
  3572 | D:8      | XOM: god gift: 3 curare-tipped darts
  3957 | D:5      | Bought an amulet of regeneration for 420 gold pieces
  4065 | D:9      | Found a hide-covered altar of Uskayaw.
  4124 | D:9      | Found a radiant altar of Vehumet.
  4184 | D:9      | Noticed Maurice
  4206 | D:9      | Killed Maurice
  4207 | D:9      | Reached skill level 1 in Shields
  4219 | D:9      | Identified the +1 robe "Kefiub" {Int+2}
  4348 | D:9      | Reached skill level 1 in Conjurations
  4362 | D:9      | XOM: 3-stop teleportation journey
  4381 | D:10     | Entered Level 10 of the Dungeon
  4805 | D:10     | Found a staircase to the Lair.
  4865 | D:10     | Identified the +8 spear "Zeph" {speed, rC+ rN+ Dex+3}
  4883 | D:10     | XOM: smoke on damage
  4897 | D:10     | Noticed a sixfirhy
  4943 | D:10     | XOM: enchant monster (good)
  5010 | D:11     | XOM: enchant monster (good)
  5143 | D:11     | Reached skill level 5 in Shields
  5204 | D:11     | XOM: god gift: 52 gold pieces
  5233 | D:11     | XOM: noise
  5275 | D:11     | Identified the +4 broad axe of Fuotoqis {spect, Drain rElec
                  | rCorr Dex+2}
  5393 | D:12     | Noticed a purple ugly thing
  5394 | D:12     | XOM: noise
  5403 | D:12     | Killed a purple ugly thing
  5411 | D:12     | Noticed Snorg
  5444 | D:11     | XOM: divination: detect creatures
  5528 | D:11     | Noticed a cyclops
  5542 | D:11     | Killed a cyclops
  5553 | D:11     | XOM is BORED!
  5553 | D:11     | XOM: noise
  5608 | D:12     | XOM: potion effect (might)
  5637 | D:12     | Mangled by a very large slime creature

Illustrated notes

Levels and vault maps discovered:
D:1:      pf_arrival_petrified_forest, layout_rooms,
          ebering_dispersal_statue_hall
D:2:      layout_loops_ring, shapermc_ecumenical_altar_notcrosses, uniq_sigmund,
          uniq_crazy_yiuf_cottage
D:3:      layout_basic, minmay_misc_feat_ornament, uniq_natasha
D:4:      layout_rooms, lemuel_crystal_altar, minmay_temple_entry_trees,
          kennysheep_windowed_goal, uniq_menkaure
D:5:      layout_gridville, nicolae_wooded_promenade, st_stairs_7,
          serial_bayou_pond_c, sword_in_stone
D:6:      layout_cave_pods, grunt_qazlal_sundering, dk_noncrumbling_4,
          serial_bayou_pond_e, uniq_duvessa, uniq_edmund, uniq_maggie
D:7:      layout_basic, mainiacjoe_overflow_paths,
          nicolae_overflow_crystal_walls
D:8:      layout_loops_corners, nemelex_diamond_rough_becter, enter_bailey_5
D:9:      layout_basic, lemuel_tele_altar, old_standard_altar, slow_altar_2,
          uniq_maurice
D:10:     layout_gridville, lair_entry_dummy
D:11:     nicolae_moon_pools, layout_long_grid
D:12:     layout_roguey, hiddenorc2_lemuel, serial_shops,
          nicolae_shop_temple_entry_statues_fountains, uniq_snorg
Temple:   eino_temple_lava

Skill      XL: |  1  2  3  4  5  6  7  8  9 10 11 |
---------------+----------------------------------+-----
Unarmed Combat | 1 2 3 4 6 |  6.1
Necromancy     | 2 4 6 7 |  7.0
Fighting       | 2 3 4 5 8 |  8.6
Dodging        | 3 5 6 9 |  9.0
Summonings     | 5 6 |  6.0
Spellcasting   | 3 5 |  5.6
Shields        | 6 |  6.6
Conjurations   | 4 |  4.5
Stealth        | |  1.3
Evocations     | |  3.2

Action                     |  1- 3 |  4- 6 |  7- 9 | 10-12 || total
---------------------------+-------+-------+-------+-------++-------
  Melee: Unarmed           |    30 |    47 |   187 |   227 ||   491
         Constrict         |     9 |    15 |    38 |    30 ||    92
         Tentacles         |     7 |     9 |    50 |    73 ||   139
         Punch             |     1 |     4 |    10 |    16 ||    31
  Throw: Dart              |       |       |       |     2 ||     2
   Cast: Call Canine Famil |       |       |     7 |     7 ||    14
         Agony             |       |       |     2 |     9 ||    11
         Summon Guardian G |       |       |       |     1 ||     1
  Evoke: Wand              |     5 |    13 |    25 |     8 ||    51
    Use: Potion            |       |     3 |     4 |     1 ||     8
         Scroll            |       |     1 |    12 |    13 ||    26
   Stab: Sleeping          |     2 |     3 |     4 |     5 ||    14
         Paralysed         |       |       |    14 |     3 ||    17
         Distracted        |       |       |       |     3 ||     3
 Armour: Skin              |     5 |    13 |    21 |     3 ||    42
  Dodge: Dodged            |    23 |    24 |   100 |   146 ||   293
  Block: Kite shield       |       |       |       |   159 ||   159

Table legend: (Time is in decaauts)
 A = Elapsed time spent in this place.
 B = Non-inter-level travel time spent in this place.
 C = Inter-level travel time spent in this place.
 D = Time resting spent in this place.
 E = Time spent auto-exploring this place.
 F = Levels seen in this place.
 G = Mean time per level.
                   A        B        C        D        E       F      G
               +--------+--------+--------+--------+--------+-----+--------+
         Total |   5605 |   4848 |    757 |     41 |    431 |  14 |  400.4 |
       Dungeon |   5320 |   4572 |    748 |     41 |    431 |  12 |  443.3 |
        Temple |     36 |     27 |      9 |      0 |      0 |   1 |   36.0 |
        Bailey |    248 |    248 |      0 |      0 |      0 |   1 |  248.0 |
               +--------+--------+--------+--------+--------+-----+--------+

Top non-repeatable levels by time:
     D:3: 673 daAuts
     D:6: 671 daAuts
    D:10: 620 daAuts
    D:11: 544 daAuts
     D:8: 479 daAuts
     D:2: 451 daAuts
     D:5: 432 daAuts
     D:7: 370 daAuts
     D:4: 347 daAuts
     D:9: 323 daAuts
     D:1: 303 daAuts
  Bailey: 248 daAuts
    D:12: 102 daAuts
  Temple: 36 daAuts
